AoeStats
← Hambo XV

African Clearing

503997239Analyzed
4v4 RM · 29d ago on Sep 3, 2026· 46m 52s· 8 players
Game mode
Random Map
Map size
Large (8 player)
Population
200
Speed
Normal
Resources
Standard
Victory
Conquest
Starting age
Dark Age
Ending age
Imperial Age
RankedLock teamsTeams togetherTeam positionsShared explorationLock speedFull tech treeHidden civsTurbo modeCheats
Victory
Defeat
🇿🇦 Spanish · South Africa
1393
+6
🇳🇱 Huns · Netherlands
1255
+12
🇬🇧 Goths · United Kingdom
1042
+22
🇺🇸 Britons · United States
848
+28
🇨🇳 Mongols · China
1185
-18
🇨🇳 Berbers · China
1168
-18
🇨🇳 Wei · China
1136
-16
🇦🇺 Bohemians · Australia
1131
-16
Rocinante
12:46 Feudal Age
11:02 Loom
13:42 Double-Bit Axe
21:01 Castle Age
20:11 Double-Bit Axe
20:08 Horse Collar
32:12 Town Watch
38:55 Wheelbarrow
39:44 Bow Saw
46:58 Imperial Age
47:09 Imperial Age
44:57 Hand Cart
sinkhere
4:00 Loom
16:09 Feudal Age
20:02 Horse Collar
23:46 Castle Age
22:16 Gold Mining
24:36 Stone Mining
24:33 Double-Bit Axe
26:16 Fletching
26:27 Padded Archer Armor
26:40 Bow Saw
28:53 Heavy Plow
29:08 Bodkin Arrow
31:50 Thumb Ring
35:15 Wheelbarrow
40:39 Hand Cart
44:59 Imperial Age
46:26 Forging
46:21 Scale Barding Armor
很蓝的啦
5:42 Loom
12:23 Feudal Age
12:58 Double-Bit Axe
13:07 Town Watch
14:43 Horse Collar
15:57 Forging
17:53 Bloodlines
17:56 Scale Barding Armor
20:48 Man-at-Arms
25:11 Castle Age
24:23 Arson
24:39 Scale Mail Armor
25:16 Light Cavalry
25:56 Husbandry
26:34 Iron Casting
25:26 Long Swordsman
27:02 Squires
29:32 Chain Mail Armor
36:48 Stone Mining
39:02 Padded Archer Armor
40:57 Fletching
45:47 Bodkin Arrow
The Knight
4:13 Loom
15:16 Feudal Age
15:56 Double-Bit Axe
22:04 Castle Age
20:52 Fletching
26:05 Castle Age
37:55 Padded Archer Armor
38:06 Gold Mining
41:01 Bodkin Arrow
Lilith Realm
7:08 Loom
13:06 Feudal Age
17:14 Castle Age
16:21 Double-Bit Axe
16:18 Horse Collar
17:44 Town Watch
29:15 Wheelbarrow
29:34 Bow Saw
32:10 Bloodlines
34:03 Husbandry
35:19 Padded Archer Armor
36:33 Scale Barding Armor
36:04 Light Cavalry
43:30 Imperial Age
43:50 Hand Cart
44:30 Chain Barding Armor
44:21 Forging
44:32 Elite Conquistador
47:03 Two-Man Saw
46:05 Heavy Plow
Hambo XV
4:19 Loom
17:52 Feudal Age
23:26 Man-at-Arms
27:56 Castle Age
26:26 Scale Mail Armor
28:05 Forging
27:59 Long Swordsman
34:46 Pikeman
40:21 Chain Mail Armor
40:32 Squires
RebelKing
14:29 Feudal Age
15:07 Double-Bit Axe
15:05 Horse Collar
18:29 Fletching
20:54 Wheelbarrow
25:49 Castle Age
24:05 Gold Mining
24:19 Padded Archer Armor
26:49 Hand Cart
26:07 Crossbowman
28:42 Squires
31:46 Ballistics
34:26 Bodkin Arrow
34:47 Leather Archer Armor
34:48 Bow Saw
41:34 Imperial Age
42:09 Arbalester
42:17 Capped Ram
Medina90
8:53 Loom
12:01 Feudal Age
12:40 Man-at-Arms
13:30 Double-Bit Axe
22:36 Castle Age
Connection lost

Rejoining the realm…

Still unreachable

The connection could not be restored.

Session expired

The server has moved on; the page needs a fresh start.